Cogmind - Beta 15 @@@ ROGUE MODE // 2025.07.02 @ 17:35:14 Player: Zaros426 Result: Destroyed by P5-KOD(R) with Subdweller Beam Cannon Performance ------------- Evolutions (0) 0 Regions Visited (3) 600 Robots Destroyed (57) 285 Value Destroyed (1463) 1463 Prototype IDs (0) 0 Alien Tech Used (0) 0 Bonus (32) 32 TOTAL SCORE: 2380 Bonus ------- Follower Combat Kills 32 Cogmind --------- Core Integrity 0/250 Matter 103/300 Energy 200/200 System Corruption 0% Temperature Cool (9) Movement Core (550) Ox10 Location -10/Subcaves Parts ------- > --- POWER (1) -------- Subdweller Power Source > --- PROPULSION (2) --- Subdweller Monowheel > --- UTILITY (2) ------ Large Storage Unit > --- WEAPON (2) ------- Subdweller Machine Gun Rocket Launcher > --- INVENTORY (15) --- Subdweller Monowheel Subdweller Monowheel Humpback Medium Battery (150) High-capacity Matter Pod (200) Makeshift System Shield Rainbow Chip Battle Rifle Subdweller Machine Gun Barrage Gun Grenade Launcher Datajack Peak State ------------ > --- POWER ------------ Subdweller Power Source > --- PROPULSION ------- Light Treads Light Treads > --- UTILITY ---------- Large Storage Unit Shield Generator > --- WEAPON ----------- Battle Rifle Subdweller Machine Gun > --- INVENTORY -------- Subdweller Power Source Subdweller Monowheel Humpback Medium Battery High-capacity Matter Pod Seismic Detector Transport Network Coupler Light Armor Plating Rainbow Chip Beam Cannon Assault Rifle Grenade Launcher Rocket Launcher Datajack [Rating: 14] Favorites ----------- Power Ion Engine Engine Ion Engine Propulsion Light Treads Treads Light Treads Wheel Subdweller Monowheel Utility Large Storage Unit Device Shield Generator Storage Large Storage Unit Protection Light Armor Plating Weapon EM Pulse Gun Energy Gun EM Pulse Gun Energy Cannon Beam Cannon Ballistic Gun Battle Rifle Ballistic Cannon Light Cannon Launcher Grenade Launcher Special Weapon Mining Laser Build | -11 -10 -10 -10 ------- Run | Yrd Mat Min Sub Slots Evolved . | . . . . Power . | . . . . Propulsion . | . . . . Utility . | . . . . Weapon . | . . . . Parts Attached 35 | 4 13 . 18 Power 5 | . 1 . 4 Engine 5 | . 1 . 4 Core . | . . . . Reactor . | . . . . Propulsion 5 | 2 . . 3 Treads 4 | 2 . . 2 Leg . | . . . . Wheel 1 | . . . 1 Hover . | . . . . Flight . | . . . . Utility 5 | 1 2 . 2 Device 3 | 1 1 . 1 Storage 1 | . 1 . . Processor . | . . . . Hackware . | . . . . Protection 1 | . . . 1 Artifact . | . . . . Weapon 20 | 1 10 . 9 Energy Gun 4 | 1 3 . . Energy Cannon 1 | . 1 . . Ballistic Gun 9 | . 1 . 8 Ballistic Cannon 1 | . 1 . . Launcher 3 | . 2 . 1 Special Weapon 2 | . 2 . . Impact Weapon . | . . . . Slashing Weapon . | . . . . Piercing Weapon . | . . . . Special Melee Weapon . | . . . . Unidentified Prototypes . | . . . . Parts Lost 6 | . 1 . 5 Power 1 | . . . 1 Propulsion 2 | . . . 2 Utility 2 | . . . 2 Weapon 1 | . 1 . . Highest Loss Streak 2 | . 1 . 2 To Critical Strikes . | . . . . Average Backups 12 | 3 12 15 12 Power . | . . . . Propulsion 1 | . 1 2 1 Utility 5 | . 4 6 5 Weapon 4 | 1 5 5 3 Tool/Special . | . . . . Unused Backups 13 | . 1 1 11 Power . | . . . . Propulsion 4 | . . . 4 Utility 8 | . 1 1 6 Weapon . | . . . . Tool/Special 1 | . . . 1 Average Slot Usage (%) 97 | . 93 100 98 Engine 12 | . 9 14 13 Treads 27 | . 28 28 27 Device 10 | . 14 14 7 Storage 13 | . 13 14 14 Protection 2 | . . . 5 Energy Gun 8 | . 13 22 . Ballistic Gun 13 | . . 2 25 Ballistic Cannon 2 | . 2 2 1 Launcher 2 | . 8 . . Peak Build Rating 14 | 4 9 9 14 Average Rating 10 | 3 7 8 13 On Entrance 5 | . 4 9 9 Naked Turns . | . . . . Heaviest Build 35 | 3 33 32 35 Greatest Support 40 | 3 40 40 40 Greatest Overweight (x) 1 | . 1 . 1 Average Overweight (x) . | . . . . Largest Inventory Capacity 15 | 5 15 15 15 Average Capacity 14 | 5 14 15 15 Most Carried 15 | 5 15 15 15 Average Carried 13 | 3 12 14 14 Final Capacity 15 | 5 15 15 15 Final Carried 15 | 5 15 15 13 Class Distribution -------------------- 77% | Mutant 22% | Scavenger-Mutant Dominant Class ---------------- Mutant | -10/Materials Mutant | -10/Mines Mutant | -10/Subcaves Resources | -11 -10 -10 -10 ----------- Run | Yrd Mat Min Sub Matter Collected 1708 | 240 230 559 679 Remotely . | . . . . Salvage Created 1602 | 227 341 505 529 Parts 124 | 19 28 34 43 Haulers Intercepted 2 | . 2 . . Recyclers Shooed . | . . . . Parts Field Recycled . | . . . . Retrieved Matter . | . . . . Parts Self-Destructed 9 | . . . 9 Prevented . | . . . . Kills | -11 -10 -10 -10 ------- Run | Yrd Mat Min Sub Combat Hostiles Destroyed 40 | . 8 13 19 Guns 20 | . . 7 13 Cannons 7 | . 3 1 3 AOE 13 | . 5 5 3 Classes Destroyed 10 | 3 4 1 2 Worker 2 | 1 1 . . Tunneler 8 | 7 . 1 . Hauler 2 | . 2 . . Recycler 2 | 1 . 1 . Operator 1 | . 1 . . Watcher 2 | . 2 . . Swarmer 12 | . . 6 6 Grunt 15 | . 8 7 . Artisan 1 | . . . 1 Subdweller 13 | . . . 13 Best Kill Streak 4 | 4 4 4 4 Combat Bots Only 4 | . 4 3 4 Max Kills in Single Turn 3 | 1 2 2 3 Gunslinging . | . . . . Exploded 3 | . 2 2 3 Melee . | . . . . Uniques/NPCs Destroyed . | . . . . Combat | -11 -10 -10 -10 -------- Run | Yrd Mat Min Sub Hostile Shots Fired 151 | . 18 51 82 Missed 44 | . 5 18 21 Hits 107 | . 13 33 61 Projectile 107 | . 13 33 61 Critical Strikes 1 | . . . 1 Damage Taken 1629 | . 191 285 1153 Core 264 | . 18 54 192 Absorbed by Shields 251 | . 5 112 134 Core Remaining (%) 100 | 100 . . . Volleys Fired 197 | 31 36 35 95 Largest 2 | 1 2 2 2 Hottest 100 | 50 100 80 60 Shots Fired 321 | 31 57 66 167 Gun 247 | 31 24 53 139 Cannon 41 | . 12 9 20 Launcher 29 | . 17 4 8 Special 4 | . 4 . . Kinetic 189 | . 12 18 159 Thermal 53 | 31 22 . . Explosive 29 | . 17 4 8 Electromagnetic 50 | . 6 44 . Robot Hit Streak 15 | 6 6 5 15 Robot Miss Streak 5 | 2 5 2 3 Penetration Max . | . . . . Secondary Targets . | . . . . Shots Hit Robots 164 | 19 18 38 89 Core Hits 90 | 10 26 24 30 Critical Kills 1 | . . . 1 Critical Parts Destroyed 1 | . . . 1 Critical Strikes 8 | 2 1 1 4 Burn 3 | 2 1 . . Destroy 3 | . . . 3 Blast 2 | . . 1 1 Melee Attacks . | . . . . Impact . | . . . . Slashing . | . . . . Piercing . | . . . . Sneak Attacks . | . . . . Combat Hostiles . | . . . . Follow-up Attacks . | . . . . Damage Inflicted 3680 | 252 713 861 1854 Guns 2079 | 252 152 454 1221 Cannons 332 | . 105 88 139 Explosions 1269 | . 456 319 494 Melee . | . . . . Ramming . | . . . . Kinetic 1628 | . 105 163 1360 Thermal 503 | 252 137 114 . Explosive 1155 | . 456 205 494 Electromagnetic 394 | . 15 379 . Impact . | . . . . Slashing . | . . . . Piercing . | . . . . Highest Corruption . | . . . . Average Corruption . | . . . . Corruption Purged . | . . . . Corruption Blocked . | . . . . Overload Shots . | . . . . Overflow Damage . | . . . . Projectiles . | . . . . Explosions . | . . . . Melee . | . . . . Knockbacks 4 | . . 2 2 Impact . | . . . . Kinetic 4 | . . 2 2 Secondary . | . . . . Self-Inflicted Damage 69 | . . 29 40 Shots 2 | . . 1 1 Rammed . | . . . . Targets Rammed . | . . . . Kicked . | . . . . Crushed . | . . . . Highest Temperature 112 | 25 48 112 . Average Temperature 29 | 25 15 43 . Received Heat Transfer 309 | . 108 110 91 Siege Activations . | . . . . Martial Activations . | . . . . Shielding Activations . | . . . . Robots Disrupted . | . . . . Combat Hostiles . | . . . . Robots Corrupted . | . . . . Combat Hostiles . | . . . . Parts Fried 1 | . . 1 . Impact Corruptions . | . . . . Robots Melted . | . . . . Combat Hostiles . | . . . . Parts Melted 4 | 2 2 . . Heat Transferred 1419 | 888 481 50 . Parts Sabotaged . | . . . . Parts Stolen . | . . . . Parts Stripped . | . . . . Power Chain Reactions 1 | . . 1 . Alert | -11 -10 -10 -10 ------- Run | Yrd Mat Min Sub Maximum Alert Level 1 | . 1 1 . Low Security (%) 86 | 100 75 95 . Level 1 13 | . 24 4 . Level 2 . | . . . . Level 3 . | . . . . Level 4 . | . . . . Level 5 . | . . . . High Security . | . . . . Max Security . | . . . . Peak Influence 280 | 15 280 205 . Initial 78 | . 3 78 . Average 83 | 1 81 100 . Influence Increases 1242 | 45 485 498 214 Destroy 0b10 Robot/C 580 | . 160 280 140 Destroy 0b10 Robot/NC 85 | 45 30 10 . Destroy Leader 118 | . 48 60 10 Allied During Kill 5 | . . 1 4 Successful Hack 54 | . 54 . . Select Force Hacks 60 | . 60 . . Disable Machine 150 | . 45 105 . Destroy Structure 85 | . 73 12 . Lose Combat Pursuer 105 | . 15 30 60 Influence Decreases 1242 | 40 287 528 387 Entered New Map 218 | . 2 125 91 Time Decay 974 | 40 265 403 266 Lost Part 40 | . 10 . 30 Lost Ally 10 | . 10 . . Squads Dispatched 5 | . 5 . . Investigation 4 | . 4 . . Extermination . | . . . . Reinforcement 1 | . 1 . . Assault . | . . . . Garrison . | . . . . Intercept . | . . . . Searches Triggered . | . . . . Construction Impeded . | . . . . Haulers Reinforced . | . . . . Active Scanning Responses . | . . . . Cargo Convoy Interrupts . | . . . . Stealth | -11 -10 -10 -10 --------- Run | Yrd Mat Min Sub Distress Signals 2 | . 2 . . Communications Jammed . | . . . . Distress Signals . | . . . . Times Spotted 59 | . 15 18 26 Peak Tracking Total 4 | . 4 3 4 Tactical Retreats 6 | . 1 2 3 Traps | -11 -10 -10 -10 ------- Run | Yrd Mat Min Sub Traps Triggered 4 | . 2 . 2 Indirectly . | . . . . Trap Hack Attempts . | . . . . Triggered . | . . . . Disarmed . | . . . . Reprogrammed . | . . . . Reused . | . . . . Traps Extracted . | . . . . Installed . | . . . . Triggered . | . . . . Most Traps Carried 2 | . . . 2 Machines | -11 -10 -10 -10 ---------- Run | Yrd Mat Min Sub Machines Disabled 10 | . 3 7 . Max in Single Turn 3 | . 2 3 . Machines Repaired . | . . . . Machines Dismantled . | . . . . Machines Sabotaged . | . . . . Overloaded Fab Kills . | . . . . Hacking | -11 -10 -10 -10 --------- Run | Yrd Mat Min Sub Machines Accessed 11 | . 9 1 1 Terminals 8 | . 7 1 . Fabricators . | . . . . Repair Stations . | . . . . Recycling Units 2 | . 2 . . Scanalyzers . | . . . . Garrison Access . | . . . . Total Hacks 36 | . 29 4 3 Successful 19 | . 16 . 3 Failed 17 | . 13 4 . Catastrophic 1 | . 1 . . Database Lockouts . | . . . . Manual 31 | . 27 4 . Terminals 31 | . 27 4 . Fabricators . | . . . . Repair Stations . | . . . . Recycling Units 2 | . 2 . . Scanalyzers . | . . . . Garrison Access . | . . . . Terminal Hacks 7 | . 4 . 3 Record 3 | . . . 3 Robot Analysis 1 | . 1 . . Terminal Index 1 | . 1 . . Locate Traps 1 | . 1 . . Patrol Status 1 | . 1 . . Fabricator Hacks . | . . . . Repair Station Hacks . | . . . . Recycling Unit Hacks . | . . . . Scanalyzer . | . . . . Garrison Access Hacks . | . . . . Unauthorized Hacks 12 | . 12 . . Terminals 10 | . 10 . . Assimilate 1 | . 1 . . Botnet 2 | . 2 . . Operators 1 | . 1 . . Skim 6 | . 6 . . Fabricators . | . . . . Repair Stations . | . . . . Recycling Units 2 | . 2 . . Tunnel 2 | . 2 . . Scanalyzers . | . . . . Garrison Access . | . . . . Data Cores Recovered . | . . . . Used . | . . . . Hacking Detections 8 | . 7 1 . Full Trace Events 1 | . 1 . . Feedback Events . | . . . . Feedback Blocked . | . . . . Robot Schematics Acquired . | . . . . Robots Built . | . . . . Authchips . | . . . . Time . | . . . . Total Robot Build Rating . | . . . . Part Schematics Acquired . | . . . . Parts Built . | . . . . Authchips . | . . . . Time . | . . . . Total Part Build Rating . | . . . . Parts Repaired . | . . . . Time . | . . . . Parts Recycled . | . . . . Recycled Matter . | . . . . Retrieved Matter . | . . . . Retrieved Components . | . . . . Parts Scanalyzed . | . . . . Part Schematics Acquired . | . . . . Parts Damaged . | . . . . Bothacking | -11 -10 -10 -10 ------------ Run | Yrd Mat Min Sub Used RIF Installer . | . . . . Robots Hacked . | . . . . Non-combat . | . . . . Combat . | . . . . Robot Hacks Applied . | . . . . Relay Couplers Released . | . . . . Fabnet Peak Effective % . | . . . . Robots Rewired . | . . . . Allies Hacked . | . . . . Hacks Repelled . | . . . . Allies | -11 -10 -10 -10 -------- Run | Yrd Mat Min Sub Total Allies 2 | . 1 1 . Largest Group 1 | . 1 1 1 Highest-Rated Group 31 | . 10 31 31 Highest-Rated Ally 31 | . 10 31 31 Total Orders . | . . . . Ally Attacks 15 | . . 3 12 Total Damage 271 | . . 64 207 Kills 2 | . . 1 1 Allies Corrupted . | . . . . Allies Melted . | . . . . Intel | -11 -10 -10 -10 ------- Run | Yrd Mat Min Sub Active Infowar (turns) 2023 | 139 1064 87 733 Seismic 2023 | 139 1064 87 733 Robot Analysis Total 1 | . 1 . . Derelict Logs Recovered 2 | . . 1 1 Drone Launches . | . . . . Drone Recoveries . | . . . . Exploration | -11 -10 -10 -10 ------------- Run | Yrd Mat Min Sub Turns Passed 5619 | 226 1431 1239 2723 Spaces Moved 2838 | 84 718 692 1344 Core 113 | 84 29 . . Treads 2646 | . 689 692 1265 Legs . | . . . . Wheels 79 | . . . 79 Hover . | . . . . Flight . | . . . . Fastest Speed 50 | 50 50 160 120 Average Speed 154 | 50 155 160 157 Slowest Speed 240 | 50 240 160 160 Overloaded Moves . | . . . . Propulsion Burnouts . | . . . . Robots Hopped . | . . . . Potential Cave-ins . | . . . . Cave-ins Triggered . | . . . . Exploration Rate (%) 69 | 4 96 99 79 Regions Visited 3 Branch Regions 2 Pre-discovered Areas 4 | . 4 . . Known Exits Taken 2 | . 1 1 . Unknown Exits Taken 1 | 1 . . . Scrap Searched 6 | . . 1 5 Spaces Dug 38 | . 26 . 12 Terrain Destroyed 140 | . 78 14 48 Melee . | . . . . Projectile 4 | . 4 . . AOE 136 | . 74 14 48 Terrain Rammed . | . . . . Walls Destroyed . | . . . . Machines Disabled . | . . . . Actions | -11 -10 -10 -10 --------- Run | Yrd Mat Min Sub Total 3738 | 234 958 755 1791 Wait 573 | 111 160 21 281 Move 2835 | 83 717 691 1344 Hop . | . . . . Pick Up 40 | 5 16 1 18 Fast Attach 14 | 4 5 . 5 Attach 8 | . 2 . 6 Detach . | . . . . Swap 38 | . 17 6 15 Drop 33 | . 5 1 27 Fire 197 | 31 36 35 95 Melee . | . . . . Ram . | . . . . Kick . | . . . . Crush . | . . . . Escape Stasis . | . . . . Rewire . | . . . . Trap . | . . . . Miscellaneous . | . . . . Route ------- -11/Scrapyard -10/Materials (discovered 6 exits: *Mat x3 / *Min x2 / Sub) -10/Mines (discovered 4 exits: *Mat x2 / [*Exi] / *Sub) -10/Subcaves (discovered 4 exits: *Mat x2 / Rec / [Scr]) History --------- Turn | Location | Event 6 | -11/Scrapyard | Discovered new exit (range 15) 227 | -11/Scrapyard | Entered Materials 308 | -10/Materials | Build established: Mutant 501 | -10/Materials | Discovered new exit (range 6) 657 | -10/Materials | Discovered new exit (range 15) 840 | -10/Materials | Discovered new exit (range 13) 1070 | -10/Materials | Learned location of Subcaves (-10) 1110 | -10/Materials | Learned location of 2 exits from Subcaves 1140 | -10/Materials | Learned Storage non-interactive machine intel 1162 | -10/Materials | Learned Storage trap positions 1174 | -10/Materials | Identified exit to Materials 1174 | -10/Materials | Identified exit to Mines 1177 | -10/Materials | Learned location of Mines (-9) 1211 | -10/Materials | Identified exit to Subcaves 1658 | -10/Materials | Entered Mines 1679 | -10/Mines | Learned Materials trap positions 2014 | -10/Mines | Deemed a non-threat by the Exiles lab entrance 2014 | -10/Mines | Discovered new exit (range 5) 2172 | -10/Mines | Received a Rocket Launcher from a helpful Derelict 2176 | -10/Mines | Discovered exit to Subcaves (range 6) 2310 | -10/Mines | Discovered exit to Materials (range 10) 2430 | -10/Mines | Discovered exit to Materials (range 10) 2708 | -10/Mines | Escorted by a lone wolf Derelict 2897 | -10/Mines | Entered Subcaves 2897 | -10/Subcaves | Accompanied by 1 ally 2898 | -10/Subcaves | Approached by a straggling Scientist 2898 | -10/Subcaves | Identified exit to Materials 2912 | -10/Subcaves | Shifting Twisted Machinery released Flamer 2920 | -10/Subcaves | Shifting Twisted Machinery released Battle Rifle 3177 | -10/Subcaves | A Subdweller sparked back to life 3177 | -10/Subcaves | A Subdweller sparked back to life 3177 | -10/Subcaves | A Subdweller sparked back to life 3183 | -10/Subcaves | Found Prototype Processor 3500 | -10/Subcaves | Build established: Scavenger-Mutant 3556 | -10/Subcaves | Ambushed by angry Subdweller bent on revenge 3570 | -10/Subcaves | Core integrity fell below 50% 3640 | -10/Subcaves | Visited Clippyterm 3645 | -10/Subcaves | Identified exit to Recycling 3906 | -10/Subcaves | Build established: Mutant 4002 | -10/Subcaves | Scientist uncovered a shortcut to Scraptown 4278 | -10/Subcaves | Shifting Twisted Machinery released Shrapnel Trap 4327 | -10/Subcaves | Shifting Twisted Machinery released Barrage Gun 5062 | -10/Subcaves | Build established: Scavenger-Mutant 5488 | -10/Subcaves | Core integrity fell below 20% 5620 | -10/Subcaves | Destroyed by P5-KOD(R) with Subdweller Beam Cannon Last Messages --------------- 05353_ Acquired 6 matter. 05368_ Acquired 8 matter. 05450_ D8-O36(R) destroyed. 05453_ Acquired 32 matter. 05456_ Dropped Sub. Power Source. 05463_ Acquired 5 matter. 05489_ Seismic Detector destroyed. 05507_ Lgt. Treads destroyed. 05509_ BO-S5C(R) destroyed. 05518_ Acquired 8 matter. 05522_ Acquired 12 matter. 05523_ Acquired 11 matter. 05561_ Acquired Sub. Machine Gun. 05565_ Dropped Sub. Machine Gun. 05566_ Acquired Sub. Monowheel. 05567_ Dropped Shrapnel Trap. 05568_ Acquired 13 matter. 05601_ Acquired derelict log, extracted data. Data stored: Storage entrances (x1). 05620_ Lgt. Treads destroyed. Map ----- +----------------------------------------------------+ | ??## ##?????????## #??????## ##??? | | ???# ## ????????## ##????### ##???? | | ???## ## ##???#### ##?##### #????? | | ????### ## ##?## #####?## ## #????? | | ??????## [#?# [ ### ##?????# # ##???? | | ???????# #### ## ## ###????### ### ####? | | ???????# #### #######??## #### #? | | ???????# #### ##??# ##?# ## #? | | ???????# ## #### #?# #? | | ???????## ## #?# #? | | ????????## #?# ##? | | ?????????## # ### ##### ## #?? | | ???????#### # ####### ###??# # # ##? | | ???????# # * #?????## #### ### #? | | ???????# # #??????## ## ##### ## | | ???????## = ########???## ## ### # | | ????????# ##??## ##???## ## " | | ????????# #???# ####?#####" "" | | ????????# #??## ####### ""## # # | | ?###???# ## #?## ## ## """##### | | ## #???###?### |### " "" #??## | | # ########### ## ## """""##### ### | | ### ## #*!# ## # #### """ """ ##?? | | ## #?# ####??#" " """"""#### | | " # # # ## # #?## ###???### "" """ " # | | " "" ######### # #?#;@ #?????# "" " | | #"###???????### # #?????# " % | | ####???????????# ## #?????# "" ## | | # # ####??????## ## ##?????# "" ### | | #???????## ## ##??????## " #### | | #???????? #????????# "" ### | | ###### #???????? #?# #????????## " | | ##????????#???????? #?# ?????????# | | ???????????????????? ?# ?????????# ## | | ?????????????????????# ?????????##### #### | | ?????????????????????? ?????????????####??# | | ?????????????????????? RR ?????????????????## | | ????????????????????? ????????????????## | | ?????????????????????## ????????????????# | | ?????????????????????? ????????????????# | | ??????????????????????? ?????????????????# | | ?????????????????????????????????????????????# | | ?????????????????????????????????????????????## | | ??????????????????????????????????????????????#### | | ?????????????????????????????????????????????????? | | ?????????????????????????????????????????????????? | | ?????????????????????????????????????????????????? | | ?????????????????????????????????????????????????? | | ?????????????????????????????????????????????????? | | ?????????????????????????????????????????????????? | +----------------------------------------------------+ Best States ------------- Heat Dissipation 25 Energy Generation 15 Energy Capacity 250 Matter Stores 300 Matter Capacity 300 Sight Range 16 Terrain Scan Density 10 Armor Coverage 150 Evasion (%) 50 Recoil Reduction 2 Item Schematics ----------------- None Robot Schematics ------------------ None Fabricated ------------ Nothing Repaired ---------- Nothing Alien Tech Used ----------------- None Achievements -------------- None Challenges ------------ None Game ------ Seed CobblerGrapheneFlamer Manual? 0 Play Time 00:30:21 Cumulative 319.6 hours Start 2025.07.02 @ 17:04:39 End 2025.07.02 @ 17:35:14 Sessions 1 Manual Loads 0 Difficulty Rogue Special Mode None Game No. 164 Rogue 164 Adventurer 0 Explorer 0 Win Type - Total 1 Types 0/0/0/0/1/0/0/0/0/0 Lore% 80 Gallery% 77 Achievement% 66 Wizard Run 0 Options --------- Layout 0 ASCII 0 Keyboard 0 Movement Mouse Keybinds 0 Fullscreen 1 Font 24/Smallcaps Map View 183x50 Zoom Use 0% Tactical HUD 1 Map Filters NONE Filters NONE Steam 0 RUN: 487ac3dd-1318-4cf6-83c0-36911a39f056